 Dungeon Crawl Stone Soup version 0.22-b1-26-g9dbaab1112 (webtiles) character file.

8781 Pisosu the Basher (level 11, -2/97 HPs)
             Began as a Minotaur Fighter on Aug 9, 2018.
             Was a Priest of Trog.
             Slain by a wraith (7 damage)
             ... led by Josephine
             ... on level 10 of the Dungeon.
             The game lasted 00:28:55 (8115 turns).

Pisosu the Basher (Minotaur Fighter)                Turns: 8115, Time: 00:28:56

Health: -2/97      AC: 15    Str: 23    XL:     11   Next: 14%
Magic:  10/10      EV:  5    Int:  5    God:    Trog [***...]
Gold:   718        SH: 12    Dex: 15    Spells: 10/10 levels left

rFire    . . .     SeeInvis .   E - +4 flail (freeze)
rCold    . . .     Gourm    .   c - +0 shield
rNeg     . . .     Faith    .   p - +0 plate armour
rPois    .         Spirit   .   (helmet restricted)
rElec    .         Reflect  .   (no cloak)
rCorr    .         Harm     .   (no gloves)
MR       ++...                  G - +0 pair of boots
Stlth    ..........             (no amulet)
HPRegen  1.26/turn              J - +4 ring of dexterity
MPRegen  0.12/turn              (no ring)

@: berserk cooldown, regenerating, slowed, heavily drained, very slow
A: retaliatory headbutt, horns 2
a: Berserk, Trog's Hand, Renounce Religion


You were on level 10 of the Dungeon.
You worshipped Trog.
Trog was most pleased with you.
You were not hungry.

You visited 1 branch of the dungeon, and saw 10 of its levels.
You also visited: Sewer.

You collected 718 gold pieces.

Inventory:

Hand Weapons
 B - a +1 quarterstaff of draining
 E - a +4 flail of freezing (weapon)
 K - a +0 blowgun
Missiles
 k - 9 tomahawks (quivered)
 y - 51 poisoned needles
 F - 2 throwing nets
Armour
 c - a +0 shield (worn)
 p - a +0 plate armour (worn)
 G - a +0 pair of boots (worn)
 H - a +1 chain mail of cold resistance
 M - a +0 hat of see invisible
Jewellery
 J - a +4 ring of dexterity (left hand)
Wands
 x - a wand of iceblast (7)
 z - a wand of flame (35)
 C - a wand of enslavement (8)
Scrolls
 i - a scroll of noise
 l - a scroll of fear
 o - a scroll of teleportation
 s - 6 scrolls of remove curse
 u - a scroll of fog
 v - 2 scrolls of magic mapping
 w - 2 scrolls of blinking
 A - a scroll of enchant weapon
 D - 2 scrolls of enchant armour
 L - a scroll of identify
Potions
 b - 2 potions of curing
 d - 2 potions of might
 e - 2 potions of invisibility {unknown}
 g - 3 potions of heal wounds {unknown}
 h - 2 potions of brilliance {unknown}
 j - a potion of resistance {unknown}
 m - 4 potions of flight
 n - a potion of haste {unknown}
 q - 3 potions of mutation {unknown}
 r - 2 potions of agility
 t - 2 potions of degeneration {unknown}
 I - a potion of ambrosia {unknown}
Comestibles
 a - a chunk of flesh
 f - 11 rations


   Skills:
 + Level 9.4(7.8) Fighting
 + Level 13.1(11.4) Maces & Flails
 + Level 9.9(8.3) Armour
 + Level 10.4(8.8) Shields


You had 10 spell levels left.
You didn't know any spells.
Your spell library contained the following spells:

 Spells                   Type           Power        Failure   Level  Hunger
 Confuse                  Hex            #.......     100%        3    ####...
 Confusing Touch          Hex            #.....       100%        1    ##.....
 Metabolic Englaciation   Hex/Ice        #.........   100%        5    ######.
 Petrify                  Tmut/Erth      #.......     100%        4    #####..
 Gell's Gravitas          Tloc           #.........   100%        3    ####...
 Yara's Violent Unravell  Hex/Tmut       #.........   100%        5    ######.


Dungeon Overview and Level Annotations

Branches:
Dungeon (10/15)            Temple (0/1) D:5            Lair (0/6) D:9
    Orc: D:9-12

Altars:
Ashenzari
Elyvilon
Fedhas
Gozag
Makhleb
Qazlal
Ru
Sif Muna
Trog
Xom
Yredelemnul
Zin

Shops:
D:8 =

Annotations:
D:2 exclusion: oklob plant
D:9 TZer0's ghost, novice DrTm


Innate Abilities, Weirdness & Mutations

You reflexively headbutt those who attack you in melee.
You have a pair of horns on your head.


Message History

The wraith hits you but does no damage. The wraith barely misses you.
You furiously retaliate!
You headbutt the wraith, but do no damage.
You block the wraith's attack.
Eat one of 2 chunks of flesh? (ye/n/q)
You eat one of the 2 chunks of flesh.
This raw flesh tastes terrible.
The wraith barely misses you.
The wraith hits you but does no damage. x2
The wraith hits you.
* * * LOW HITPOINT WARNING * * *
The wraith drains your vigour!
You feel as though you will be slow longer.
The wraith closely misses you.
Your skin crawls.
You feel resistant to hostile enchantments.
You feel somewhat more hungry. The wraith hits you!
* * * LOW HITPOINT WARNING * * *
The wraith drains your vigour!
You feel as though you will be slow longer.
The wraith hits you but does no damage. The wraith hits you!
You die...

#(((######.+ .
#..(######.#
#...).(....#
#..........#
#......###########
#......#..........
#.###..#..........
#WW...>#..........
#@W....#..........
#......#....#'####
#......######.....
#.................
#........###...(..
#...##..<# #......
#...##...# #......
#........###......
#.................


You could see 3 wraiths.

Vanquished Creatures
  Gastronok (D:10)
  Josephine (D:10)
  A centaur warrior (D:10)
  Joseph (D:7)
  2 trolls
  Grinder (D:4)
  A hippogriff (D:9)
  Sigmund (D:6)
  2 hungry ghosts
  2 wraiths (D:10)
  Grum (D:10)
  An orc warrior (D:9)
  2 black bears
  5 centaurs
  2 ogres
  4 wolves (D:10)
  Blork the orc (D:4)
  3 big kobolds
  6 bullfrogs
  A gnoll sergeant (D:6)
  4 scorpions
  5 wights (D:5)
  7 howler monkeys
  2 crimson imps
  A bullfrog zombie (D:9)
  3 hounds
  A quasit (D:7)
  A jelly (D:5)
  4 orc priests
  4 iguanas
  A bullfrog skeleton (D:8)
  11 worker ants
  7 orc wizards
  Ijyb (D:4)
  A worker ant zombie (D:6)
  7 adders
  14 gnolls
  4 oozes
  2 adder zombies
  An adder skeleton (D:7)
  A worm (D:2)
  3 dart slugs (D:2)
  9 leopard geckos
  33 orcs
  7 ball pythons
  4 bats
  5 giant cockroaches
  11 hobgoblins
  5 quokkas
  3 frilled lizards
  10 goblins
  34 kobolds
  A leopard gecko skeleton (D:4)
  A leopard gecko zombie (D:7)
  8 rats
255 creatures vanquished.

Notes
Turn   | Place    | Note
-------+----------+-------------------------------------------
     0 | D:1      | Pisosu the Minotaur Fighter began the quest for the Orb.
     0 | D:1      | Reached XP level 1. HP: 19/19 MP: 0/0
   694 | D:2      | Reached XP level 2. HP: 27/27 MP: 1/1
   839 | D:2      | Found a basalt altar of Yredelemnul.
   931 | D:2      | Reached XP level 3. HP: 33/33 MP: 2/2
  1048 | D:2      | Reached skill level 3 in Maces & Flails
  1192 | D:2      | Found a blossoming altar of Fedhas.
  1213 | D:2      | Noticed an oklob plant
  1513 | D:3      | Reached XP level 4. HP: 39/40 MP: 3/3
  1570 | D:3      | Found a faded altar of an unknown god.
  1929 | D:3      | Found a glowing drain.
  1933 | Sewer    | Entered a sewer
  1959 | Sewer    | Noticed a big kobold
  1981 | Sewer    | Killed a big kobold
  1981 | Sewer    | Reached skill level 4 in Maces & Flails
  1981 | Sewer    | Reached XP level 5. HP: 25/47 MP: 4/4
  2179 | Sewer    | Reached skill level 5 in Shields
  2181 | Sewer    | Reached skill level 5 in Armour
  2331 | D:4      | Reached XP level 6. HP: 50/53 MP: 5/5
  2422 | D:4      | Reached skill level 5 in Maces & Flails
  2753 | D:4      | Noticed Blork the orc
  2767 | D:4      | Killed Blork the orc
  2767 | D:4      | Reached skill level 5 in Fighting
  2831 | D:4      | Found a burning altar of Makhleb.
  2834 | D:4      | Found a bloodstained altar of Trog.
  2834 | D:4      | Found a white marble altar of Elyvilon.
  2841 | D:4      | Became a worshipper of Trog the Wrathful
  2854 | D:4      | Found a shattered altar of Ashenzari.
  2858 | D:4      | Found a sacrificial altar of Ru.
  3066 | D:4      | Reached skill level 6 in Maces & Flails
  3104 | D:4      | Reached XP level 7. HP: 56/61 MP: 6/6
  3459 | D:5      | Entered Level 5 of the Dungeon
  3459 | D:5      | Noticed Grinder
  3460 | D:5      | Noticed Ijyb
  3461 | D:5      | Found a staircase to the Ecumenical Temple.
  3483 | D:4      | Killed Ijyb
  3788 | D:4      | Killed Grinder
  3788 | D:4      | Reached skill level 7 in Maces & Flails
  4306 | D:5      | Reached XP level 8. HP: 53/70 MP: 7/7
  4544 | D:5      | Reached skill level 8 in Maces & Flails
  4552 | D:5      | Reached * piety under Trog
  4900 | D:6      | Reached skill level 9 in Maces & Flails
  5002 | D:6      | Found a stormy altar of Qazlal.
  5003 | D:6      | Reached XP level 9. HP: 78/78 MP: 8/8
  5193 | D:6      | Noticed Sigmund
  5201 | D:6      | Killed Sigmund
  5352 | D:7      | Found a deep blue altar of Sif Muna.
  5405 | D:7      | Noticed Joseph
  5417 | D:7      | Killed Joseph
  5477 | D:7      | Reached skill level 10 in Maces & Flails
  5599 | D:7      | Found a shimmering altar of Xom.
  5607 | D:7      | Reached ** piety under Trog
  6099 | D:9      | Noticed a troll
  6140 | D:8      | Reached skill level 11 in Maces & Flails
  6185 | D:8      | Found Ziaxt's Jewellery Shoppe.
  6500 | D:8      | Found an opulent altar of Gozag.
  6723 | D:8      | Reached XP level 10. HP: 73/88 MP: 9/9
  6932 | D:9      | Reached *** piety under Trog
  7123 | D:9      | Found a staircase to the Lair.
  7254 | D:9      | Found a runed gate.
  7270 | D:9      | Found an opulent altar of Gozag.
  7281 | D:9      | Noticed TZer0's ghost (novice DrTm)
  7282 | D:9      | Found a runed gate.
  7282 | D:9      | Found a runed gate.
  7282 | D:9      | Noticed a yaktaur captain
  7333 | D:10     | Entered Level 10 of the Dungeon
  7657 | D:10     | Noticed Grum
  7666 | D:10     | Killed Grum
  7676 | D:10     | Reached skill level 12 in Maces & Flails
  7754 | D:10     | Noticed a centaur warrior
  7770 | D:10     | Killed a centaur warrior
  7771 | D:10     | Noticed Gastronok
  7790 | D:10     | Killed Gastronok
  7790 | D:10     | Reached skill level 10 in Shields
  8032 | D:10     | Found a glowing silver altar of Zin.
  8034 | D:10     | Reached XP level 11. HP: 96/97 MP: 10/10
  8045 | D:10     | Noticed Josephine
  8078 | D:10     | Reached skill level 13 in Maces & Flails
  8092 | D:10     | Killed Josephine
  8110 | D:10     | HP: 3/97 [wraith[Josephine] (8)]
  8115 | D:10     | Slain by a wraith

Skill      XL: |  1  2  3  4  5  6  7  8  9 10 11 |
---------------+----------------------------------+-----
Fighting       | 4 5 6 7 9 |  9.4
Armour         | 4 5 6 7 8 9 |  9.9
Shields        | 4 5 6 7 8 10 | 10.4
Maces & Flails | 3 4 6 7 9 11 12 13 | 13.1

Action                   |  1- 3 |  4- 6 |  7- 9 | 10-12 || total
-------------------------+-------+-------+-------+-------++-------
Melee: Flail             |   134 |   221 |   316 |   144 ||   815
       Headbutt          |    15 |    33 |    47 |    47 ||   142
Throw: Tomahawk          |       |       |     4 |       ||     4
Invok: Berserk           |       |       |       |     2 ||     2
       Trog's Hand       |       |       |       |     2 ||     2
  Use: Scroll            |     1 |     5 |     5 |     2 ||    13
       Potion            |       |       |     1 |     1 ||     2
  Eat: Chunk             |     2 |     2 |     7 |     7 ||    18
       Ration            |       |     1 |     4 |       ||     5
Armor: Scale mail        |    14 |       |       |       ||    14
       Plate armour      |    63 |   143 |   182 |    84 ||   472
Dodge: Dodged            |    23 |    34 |    54 |    39 ||   150
Block: Shield            |    56 |   109 |   149 |   100 ||   414
